 Dungeon Crawl Stone Soup version 0.29.1-1-gd02db6906a (webtiles) character file.

Game seed: 14103595410922670666

6573 Godmorgon the Thaumaturge (level 11, -3/82 HPs)
             Began as a Djinni Ice Elementalist on Oct 5, 2022.
             Was a Follower of Makhleb.
             Slain by Snorg (11 damage)
             ... on level 10 of the Dungeon.
             The game lasted 00:54:56 (8349 turns).

Godmorgon the Thaumaturge (Djinni Ice Elementalist) Turns: 8349, Time: 00:54:57

Health: -3/82      AC: 22    Str:  7    XL:     11   Next: 21%
Gold:   196        EV: 11    Int: 21    God:    Makhleb [*.....] SH:  0 Dex: 20

rFire   + + +      SeeInvis .   a - +2 long sword (flame)
rCold   . . .      Faith    .   (no shield)
rNeg    . . .      Spirit   .   I - +0 acid dragon scales
rPois   ∞          Reflect  .   J - +2 hat "Jiemn" {rF+ rC+ rCorr}
rElec   .          Harm     .   H - +0 cloak
rCorr   +          Rampage  .   t - +0 pair of gloves
Will    +....                   (boots unavailable)
Stlth   ++........              w - amulet of regeneration
HPRegen 1.03/turn               g - +4 ring of protection {=R}
MPRegen 0.00/turn               h - +6 ring of dexterity

@: ice-armoured, freezing walls, flying
A: sickness immunity, fire resistance 2, cold vulnerability 1, float, innate
caster, HP casting, extra vitality 1
a: Renounce Religion


You were on level 10 of the Dungeon.
You worshipped Makhleb.
Makhleb was aware of your devotion.
You visited 2 branches of the dungeon, and saw 13 of its levels.

You collected 490 gold pieces.
You spent 294 gold pieces at shops.

Inventory:

Hand Weapons
 a - a +2 long sword of flaming (weapon)
 b - a +3 hand axe of electrocution
 E - a +3 falchion of freezing
Missiles
 s - 22 poisoned darts (quivered)
 v - 3 boomerangs
Armour
 t - a +0 pair of gloves (worn)
 H - a +0 cloak (worn)
 I - +0 acid dragon scales (worn)
 J - the +2 hat "Jiemn" (worn) {rF+ rC+ rCorr}
   (You found it on level 8 of the Dungeon)

   rF:        It protects you from fire.
   rC:        It protects you from cold.
   rCorr:     It protects you from acid and corrosion.
Jewellery
 g - a +4 ring of protection (left hand) {=R}
 h - a +6 ring of dexterity (right hand)
 w - an amulet of regeneration (around neck)
Wands
 u - a wand of roots (13)
 K - a wand of polymorph (4)
Scrolls
 e - a scroll of blinking
 i - 2 scrolls of teleportation
 l - 3 scrolls of vulnerability
 o - a scroll of torment
 p - 2 scrolls of fear
 y - 4 scrolls of immolation
 z - a scroll of amnesia {unknown}
 D - a scroll of summoning {unknown}
 F - a scroll of brand weapon {unknown}
 G - a scroll of enchant armour {unknown}
Potions
 c - 2 potions of attraction
 d - a potion of brilliance {unknown}
 f - 4 potions of curing
 j - 2 potions of lignification
 k - a potion of invisibility
 m - 2 potions of heal wounds
 n - a potion of berserk rage
 q - 2 potions of resistance
 r - a potion of mutation
 x - a potion of haste {unknown}
 A - a potion of degeneration {unknown}
 B - a potion of cancellation {unknown}
 C - a potion of ambrosia {unknown}


   Skills:
 + Level 8.8 Fighting
 + Level 2.7 Long Blades
 - Level 4.0 Armour
 - Level 2.1 Dodging
 - Level 1.5 Stealth
 * Level 10.2 Spellcasting
 + Level 2.6 Invocations


You had 5 spell levels left.
You knew the following spells:

 Your Spells              Type           Power      Damage    Failure   Level
a - Ozocubu's Armour      Ice            52%        N/A       1%          3
f - Freeze                Ice            100%       1d11      1%          1
h - Hailstorm             Conj/Ice       52%        3d12      1%          4
i - Inner Flame           Hex/Fire       52%        N/A       1%          3
p - Poisonous Vapours     Pois/Air       100%       N/A       1%          2
r - Frozen Ramparts       Ice            100%       1d16      1%          3
s - Slow                  Hex            100%       N/A       1%          1
A - Animate Armour        Summ/Erth      100%       N/A       1%          4
P - Petrify               Tmut/Erth      52%        N/A       1%          4
Your spell library was empty.

Dungeon Overview and Level Annotations

Branches:
Dungeon (12/15)            Temple (1/1) D:5
   Lair: D:8-11         Orc: D:9-12

Altars:
Ashenzari
Cheibriados
Dithmenos
Elyvilon
Fedhas
Gozag
Hepliaklqana
Makhleb
Nemelex Xobeh
Okawaru
Qazlal
Ru
Trog
Uskayaw
Wu Jian
Xom
Yredelemnul
Zin
The Shining One

Shops:
D:8 ::(   D:12 !

Annotations:
D:4 2 transporters, LustLizard's ghost, amateur DsFi
D:10 Snorg


Innate Abilities, Weirdness & Mutations

You are immune to sickness and miasma.
You are immune to poison.
Your flesh is very heat resistant. (rF++)
You are vulnerable to cold. (rC-)
You float through the air rather than walking.
You learn spells naturally, not from books.
Your magical power is your life essence.
You have superior vitality. (+4 MHP)


Message History

Snorg claws you but does no damage. x2
Press: ? - help, v - describe, . - travel
Here: Snorg (severely wounded, berserk, very poisoned)
The floor, spattered with blood.
Unknown command.
You feel much better.
The wall freezes Snorg!
Snorg bites you but does no damage. Snorg claws you but does no damage.
Snorg closely misses you.
You closely miss Snorg.
Snorg is severely wounded.
The wall freezes Snorg.
Snorg bites you! Snorg claws you but does no damage. Snorg claws you!
* * * LOW HITPOINT WARNING * * *
The wall freezes Snorg!
Snorg closely misses you. x2; Snorg claws you.
* * * LOW HITPOINT WARNING * * *
Press: ? - help, v - describe, . - travel
Here: Snorg (severely wounded, berserk, very poisoned)
The floor, spattered with blood.
Unknown command.
Press: ? - help, v - describe, . - travel
Here: Snorg (severely wounded, berserk, very poisoned)
The floor, spattered with blood.
Unknown command.
Okay, then.
Unknown command.
Press: ? - help, v - describe, . - travel An open door.
Unknown command.
Unknown command.
Unknown command.
Press: ? - help, v - describe, . - travel
Here: Snorg (severely wounded, berserk, very poisoned)
The floor, spattered with blood.
You feel better.
The wall freezes Snorg!
Snorg bites you!
* * * LOW HITPOINT WARNING * * *
Snorg claws you!
* * * LOW HITPOINT WARNING * * *
Snorg claws you but does no damage.
The wall freezes Snorg!
Snorg closely misses you. x2; Snorg claws you!
You die...

. #.
#.####+###########
#.........#...#..#
#.........#...#..#
#.........#...'..#
#.........#...#..#
#....>...T@...#..#
#.###..########..#
#.###..########..#
. #.....#........#
#.....#........#
#.....'........#
#.....#........#
################


You could see Snorg (berserk, very poisoned).

Vanquished Creatures
  2 two-headed ogres
  Pikel (D:4)
  A gargoyle (D:12)
  Maggie (D:7)
  A troll (D:7)
  Sigmund (D:5)
  A shadow (D:11)
  2 wyverns
  Eustachio (D:5)
  A steam dragon (D:7)
  Edmund (D:5)
  Duvessa (D:5)
  3 water moccasins
  2 ice beasts
  3 black bears
  A centaur (D:9)
  A lemure (D:4)
  2 kobold brigands
  Blork the orc (D:5)
  5 bullfrogs
  2 scorpions
  A necrophage (D:7)
  5 wights (D:8)
  Dowan (D:5)
  An electric eel (D:11)
  A howler monkey (D:7)
  A jelly (D:6)
  6 orc priests
  4 hounds
  3 iguanas
  4 orc wizards
  4 gnolls (D:2)
  4 adders
  An ufetubus (D:6)
  2 worms
  A dart slug (D:5)
  24 orcs
  9 bats
  6 endoplasms
  4 giant cockroaches
  9 goblins
  A hobgoblin (D:1)
  3 jackals (D:2)
  2 quokkas
  3 ball pythons
  3 frilled lizards
  13 kobolds
  4 rats
154 creatures vanquished.

Vanquished Creatures (collateral kills)
  A gargoyle (D:11)
  A wraith (D:11)
2 creatures vanquished.

Vanquished Creatures (others)
  A centaur (D:10)
  3 fungi (D:2)
  2 plants (D:2)
6 creatures vanquished.

Grand Total: 162 creatures vanquished

Notes
Turn   | Place    | Note
-------+----------+-------------------------------------------
     0 | D:1      | Godmorgon the Djinni Ice Elementalist began the quest for
                  | the Orb.
     0 | D:1      | Godmorgon set off with the following spells memorised:
                  | Freeze, Frozen Ramparts, Ozocubu's Armour, Hailstorm.
     0 | D:1      | Reached XP level 1. HP: 15/15 MP: 0/0
   191 | D:1      | Reached XP level 2. HP: 22/22 MP: 0/0
   530 | D:1      | Reached skill level 1 in Fighting
   715 | D:1      | Reached XP level 3. HP: 18/27 MP: 0/0
   715 | D:1      | Learned a level 1 spell: Slow
  1501 | D:2      | Reached skill level 4 in Spellcasting
  1501 | D:2      | Reached XP level 4. HP: 15/33 MP: 0/0
  1879 | D:2      | Found a faded altar of an unknown god.
  2433 | D:3      | Reached XP level 5. HP: 17/38 MP: 0/0
  2433 | D:3      | Learned a level 2 spell: Poisonous Vapours
  3784 | D:4      | Reached XP level 6. HP: 38/45 MP: 0/0
  3858 | D:4      | Noticed Pikel
  3868 | D:4      | Killed Pikel
  3869 | D:4      | Reached skill level 6 in Spellcasting
  3869 | D:4      | Reached XP level 7. HP: 30/52 MP: 0/0
  3869 | D:4      | Learned a level 3 spell: Inner Flame
  4045 | D:4      | Reached XP level 8. HP: 37/58 MP: 0/0
  4466 | D:4      | Found a transporter.
  4468 | D:4      | Noticed LustLizard's ghost (amateur DsFi)
  4469 | D:4      | Found a transporter.
  4781 | D:5      | Entered Level 5 of the Dungeon
  4793 | D:5      | Reached skill level 5 in Fighting
  4912 | D:5      | Noticed Duvessa
  4912 | D:5      | Noticed Dowan
  4925 | D:5      | Killed Dowan
  4931 | D:5      | Killed Duvessa
  4961 | D:5      | Found a staircase to the Ecumenical Temple.
  4967 | Temple   | Entered the Ecumenical Temple
  5049 | Temple   | Became a worshipper of Makhleb the Destroyer
  5073 | D:5      | Reached skill level 7 in Spellcasting
  5103 | D:5      | Noticed Sigmund
  5159 | D:5      | Killed Sigmund
  5160 | D:5      | Reached XP level 9. HP: 57/66 MP: 0/0
  5160 | D:5      | Learned a level 4 spell: Animate Armour
  5291 | D:5      | Noticed Edmund
  5315 | D:5      | Killed Edmund
  5527 | D:5      | Noticed Blork the orc
  5546 | D:5      | Killed Blork the orc
  5608 | D:5      | Reached skill level 8 in Spellcasting
  5712 | D:5      | Identified the +2 dagger of Theory {vorpal, Contam rF+
                  | Int+4 Dex+4}
  5832 | D:5      | Noticed Eustachio
  5847 | D:5      | Killed Eustachio
  6086 | D:6      | Noticed a two-headed ogre
  6115 | D:6      | Killed a two-headed ogre
  6429 | D:6      | Reached XP level 10. HP: 65/75 MP: 0/0
  6607 | D:7      | Reached skill level 9 in Spellcasting
  6868 | D:7      | Noticed Maggie
  6882 | D:7      | Killed Maggie
  7132 | D:7      | Reached * piety under Makhleb
  7133 | D:7      | Reached skill level 1 in Armour
  7286 | D:8      | Found Lushai's Book Shoppe.
  7335 | D:8      | Reached skill level 1 in Long Blades
  7335 | D:8      | Reached skill level 1 in Invocations
  7419 | D:8      | Identified the +2 hat "Jiemn" {rF+ rC+ rCorr}
  7439 | D:8      | Found Kuywid's Vocational Training.
  7532 | D:8      | Noticed a two-headed ogre
  7537 | D:8      | Killed a two-headed ogre
  7538 | D:8      | Reached skill level 10 in Spellcasting
  7538 | D:8      | Reached XP level 11. HP: 52/82 MP: 0/0
  7538 | D:8      | Learned a level 4 spell: Petrify
  7577 | D:8      | Found an ornate altar of the Wu Jian Council.
  7598 | D:8      | Found Agyv's Antique Weapon Emporium.
  7917 | D:9      | You are sucked into a shaft and drop 3 floors!
  8013 | D:12     | Found Esohyg's Distillery.
  8024 | D:12     | Bought a potion of invisibility for 112 gold pieces
  8024 | D:12     | Bought a potion of berserk rage for 70 gold pieces
  8024 | D:12     | Bought a potion of mutation for 112 gold pieces
  8300 | D:10     | Entered Level 10 of the Dungeon
  8330 | D:10     | Noticed Snorg
  8349 | D:10     | Slain by Snorg

Illustrated notes

Levels and vault maps discovered:
D:1:      minmay_arrival_stone_box, layout_basic
D:2:      layout_loops_cross, shapermc_ecumenical_altar_rom_forum,
          kennysheep_generic_room_6
D:3:      layout_loops_cross, item_on_display_a
D:4:      cheibrodos_pilgrimage, layout_loops_corners,
          gammafunk_ghost_mausoleum, uniq_pikel
D:5:      layout_layer_cave, minmay_temple_entry_hall, uniq_edmund,
          uniq_sigmund, uniq_eustachio, uniq_duvessa, uniq_blork_the_orc
D:6:      layout_rooms, kennysheep_generic_room_8
D:7:      layout_cave_pools, grunt_ministairs_10, minmay_misc_feat_iff,
          uniq_maggie
D:8:      layout_rooms, lemuel_tele_altar, serial_shops,
          nicolae_shop_waterfront, shop, minmay_misc_feat_cross,
          nicolae_shop_vocational
D:9:      layout_grid_maze, minmay_guarded_unrand_variability
D:10:     layout_gridville, dpeg_lair_monsters, lemuel_flamethrower_2,
          uniq_snorg
D:11:     layout_roguey, ebering_ghost_gozag, nicolae_kite_square_tiling_tiny
D:12:     layout_rooms, david_orc_3, serial_shops, nicolae_stop_n_shop_1,
          uniq_nergalle
Temple:   grunt_wide_crystal_templ

Skill      XL: |  1  2  3  4  5  6  7  8  9 10 11 |
---------------+----------------------------------+-----
Fighting       | 1 2 4 6 7 8 |  8.8
Spellcasting   | 4 6 7 8 10 | 10.2
Armour         | 3 4 |  4.0
Long Blades    | 1 2 |  2.7
Invocations    | 2 |  2.6
Dodging        | |  2.1
Stealth        | |  1.5

Action                   |  1- 3 |  4- 6 |  7- 9 | 10-12 || total
-------------------------+-------+-------+-------+-------++-------
Melee: Unarmed           |     4 |       |       |       ||     4
       Dagger            |     5 |    22 |       |       ||    27
       Hand axe          |       |     9 |    67 |    17 ||    93
       Long sword        |       |       |       |    48 ||    48
       Punch             |       |       |       |     1 ||     1
Throw: Dart              |    17 |     6 |       |       ||    23
 Cast: Freeze            |    36 |    18 |       |       ||    54
       Slow              |     5 |     3 |     2 |     2 ||    12
       Frozen Ramparts   |     2 |    10 |    13 |    17 ||    42
       Ozocubu's Armour  |       |     3 |     6 |    11 ||    20
       Poisonous Vapours |       |    15 |    61 |    42 ||   118
       Hailstorm         |       |       |     4 |    13 ||    17
       Animate Armour    |       |       |     1 |     3 ||     4
       Inner Flame       |       |       |     1 |     2 ||     3
  Use: Scroll            |       |       |     1 |    11 ||    12
       Potion            |       |       |       |     4 ||     4
Armor: Robe              |     9 |    21 |    25 |     6 ||    61
       Acid dragon scale |       |       |       |    37 ||    37
Dodge: Dodged            |    20 |    40 |    48 |    56 ||   164
